 Dungeon Crawl Stone Soup version 0.28-a0-643-g84cb2ea78e (webtiles) character file.

Game seed: 15089929395101631484

61 funkygono the Firebug (level 4, -2/24 HPs)
             Began as a Gargoyle Fire Elementalist on Oct 11, 2021.
             Slain by a gnoll (9 damage)
             ... on level 2 of the Dungeon.
             The game lasted 00:02:58 (1467 turns).

funkygono the Firebug (Gargoyle Fire Elementalist)  Turns: 1467, Time: 00:02:58

Health: -2/24      AC:  5    Str: 12    XL:     4   Next: 7%
Magic:  2/7        EV: 12    Int: 16    God:
Gold:   43         SH:  0    Dex: 10    Spells: 2/8 levels left

rFire   . . .      SeeInvis .   d - +0 flail
rCold   . . .      Faith    .   (no shield)
rNeg    + . .      Spirit   .   a - +0 robe
rPois   ∞          Reflect  .   (no helmet)
rElec   +          Harm     .   (no cloak)
rCorr   .          Rampage  .   (no gloves)
Will    .....                   (no boots)
Stlth   ++........              c - amulet of magic regeneration
HPRegen 0.08/turn               (no ring)
MPRegen 0.35/turn               (no ring)

@: no status effects
A: sickness immunity, AC +3, negative energy resistance 1, electricity
resistance, torment resistance 1, petrification resistance
a: no special abilities


You were on level 2 of the Dungeon.
You visited 1 branch of the dungeon, and saw 2 of its levels.

You collected 43 gold pieces.

Inventory:

Hand Weapons
 d - a +0 flail (weapon)
 e - a +0 whip
Missiles
 b - 68 stones
Armour
 a - a +0 robe (worn)
 h - a scarf of harm
Jewellery
 c - an amulet of magic regeneration (around neck)
Potions
 f - a potion of brilliance {unknown}
 g - a potion of ambrosia {unknown}


   Skills:
 + Level 1.7 Dodging
 - Level 2.1 Stealth
 * Level 2.6 Spellcasting
 * Level 2.3 Conjurations
 * Level 3.8 Fire Magic


You had 2 spell levels left.
You knew the following spells:

 Your Spells              Type           Power      Damage    Failure   Level
a - Foxfire               Conj/Fire      44%        2x1d6     5%          1
b - Scorch                Fire           28%        2d6       6%          2
c - Conjure Flame         Conj/Fire      11%        6-21      17%         3

Your spell library contained the following spells:

 Spells                   Type           Power      Damage    Failure   Level
 Inner Flame              Hex/Fire       8%         N/A       26%         3
 Flame Wave               Conj/Fire      11%        3d4       50%         4


Dungeon Overview and Level Annotations

Branches:
Dungeon (2/15)

Altars:


Innate Abilities, Weirdness & Mutations

You are immune to sickness and miasma.
Your stone body is resilient. (AC +3)
You are immune to poison.
You resist negative energy. (rN+)
You are resistant to electric shocks. (rElec)
You are resistant to unholy torment.
You are immune to petrification.


Message History

The gnoll is almost dead.
The foxfire hits the gnoll.
You kill the gnoll!
The gnoll hits you from afar with a +0 spear.
You have reached level 4!
You feel stronger.
Casting: Foxfire (safe; 5% risk of failure)
Confirm with . or Enter, or press ? or * to list all spells.
You conjure some foxfire!
The foxfire hits the gnoll but does no damage.
The foxfire hits the gnoll.
The gnoll is moderately wounded.
The gnoll closely misses you.
Your magical contamination has completely faded away.
Casting: Foxfire (safe; 5% risk of failure)
Confirm with . or Enter, or press ? or * to list all spells.
You don't have enough magic to cast this spell.
Unknown command.
The foxfire hits the gnoll.
The gnoll is moderately wounded.
The foxfire hits the gnoll.
The gnoll is moderately wounded.
The gnoll barely misses you.
The gnoll hits you from afar with a +0 spear.
The gnoll closely misses you.
Casting: Foxfire (safe; 5% risk of failure)
Confirm with . or Enter, or press ? or * to list all spells.
You conjure some foxfire!
The gnoll hits you from afar with a +0 halberd.
The gnoll hits you from afar with a +0 spear.
* * * LOW HITPOINT WARNING * * *
Casting: Foxfire (safe; 5% risk of failure)
Confirm with . or Enter, or press ? or * to list all spells.
You conjure some foxfire!
The foxfire hits the gnoll but does no damage.
The gnoll is moderately wounded.
The foxfire hits the gnoll.
The gnoll is heavily wounded.
The gnoll hits you from afar with a +0 halberd!
You die...

....# #......#.#
#.#.. #....###.#
#.#.# #........#
#####.#.#
#..#.#####
#.......#
#....>...#
#.......#
#.########
###.......###.#
#........v....#
#.......§@#####
#........v####
#.......gg...# #
#............#
##g
#............#
....
#........#####
.(.g. #........#
......##..†.....#
......'.).......#


You could see 2 gnolls.

Vanquished Creatures
  3 gnolls
  4 bats
  3 endoplasms (D:1)
  6 hobgoblins (D:1)
  2 quokkas (D:1)
  2 ball pythons (D:1)
  2 frilled lizards
  5 goblins (D:1)
  3 kobolds
  2 rats (D:1)
32 creatures vanquished.

Vanquished Creatures (others)
  91 foxfires
91 creatures vanquished.

Grand Total: 123 creatures vanquished

Notes
Turn   | Place    | Note
-------+----------+-------------------------------------------
     0 | D:1      | funkygono the Gargoyle Fire Elementalist began the quest
                  | for the Orb.
     0 | D:1      | Reached XP level 1. HP: 10/10 MP: 3/3
   285 | D:1      | Reached XP level 2. HP: 15/15 MP: 3/5
   289 | D:1      | Learned a level 2 spell: Scorch
   702 | D:1      | Reached XP level 3. HP: 7/19 MP: 4/6
  1096 | D:1      | Learned a level 3 spell: Conjure Flame
  1456 | D:2      | Reached XP level 4. HP: 19/24 MP: 1/7
  1467 | D:2      | Slain by a gnoll

Illustrated notes

Levels and vault maps discovered:
D:1:      dpeg_arrival_triangle_fractal, layout_loops_cross, corner_web_ring,
          minmay_splitting_lines, chequers_serial_rivers_micro_a
D:2:      layout_basic

Skill      XL: |  1  2  3 |
---------------+----------+-----
Conjurations   | 2 |  2.3
Dodging        | |  1.7
Stealth        | |  2.1
Spellcasting   | |  2.6
Fire Magic     | |  3.8

Action                   |  1- 3 |  4- 6 || total
-------------------------+-------+-------++-------
Melee: Flail             |     2 |       ||     2
 Cast: Foxfire           |    53 |     3 ||    56
       Scorch            |     3 |       ||     3
Armor: Robe              |     6 |       ||     6
Dodge: Dodged            |    13 |     3 ||    16

Table legend: (Time is in decaauts)
 A = Elapsed time spent in this place.
 B = Non-inter-level travel time spent in this place.
 C = Inter-level travel time spent in this place.
 D = Time resting spent in this place.
 E = Time spent auto-exploring this place.
 F = Levels seen in this place.
 G = Mean time per level.
                   A        B        C        D        E       F      G
               +--------+--------+--------+--------+--------+-----+--------+
         Total |   1467 |   1446 |     21 |      0 |   1201 |   2 |  733.5 |
       Dungeon |   1467 |   1446 |     21 |      0 |   1201 |   2 |  733.5 |
               +--------+--------+--------+--------+--------+-----+--------+

Top non-repeatable levels by time:
     D:1: 1267 daAuts
     D:2: 199 daAuts
